 Dungeon Crawl Stone Soup version 0.28-a0-447-g1f95980246 (webtiles) character file.

Game seed: 4969250138710299509

45791 siradein the Destroyer (level 14, 0/105 HPs)
             Began as a Grey Draconian Conjurer on Sept 11, 2021.
             Was a High Priest of Vehumet.
             Slain by a four-headed hydra (4 damage)
             ... while petrified by a basilisk
             ... on level 5 of the Lair of Beasts on Sept 13, 2021.
             The game lasted 01:25:30 (24526 turns).

siradein the Destroyer (Grey Draconian Conjurer)   Turns: 24526, Time: 01:25:31

Health: 0/105      AC: 16    Str: 17    XL:     14   Next: 2%
Magic:  29/29      EV:  2    Int: 23    God:    Vehumet [*****.]
Gold:   729        SH:  0    Dex: 15    Spells: 5/35 levels left

rFire   . . .      SeeInvis .   o - staff of conjuration
rCold   . . .      Faith    .   N - +0 buckler
rNeg    + + +      Spirit   .   (armour unavailable)
rPois   ∞          Reflect  .   (helmet restricted)
rElec   .          Harm     .   n - +2 cloak {rPois}
rCorr   .          Rampage  .   (no gloves)
Will    +....                   (no boots)
Stlth   ++........              s - amulet of regeneration
HPRegen 1.27/turn               I - +6 ring of strength
MPRegen 0.21/turn               j - +6 ring of dexterity

@: petrified
A: AC +13, amphibious, unfitting armour, cold-blooded
a: Renounce Religion


You were on level 5 of the Lair of Beasts.
You worshipped Vehumet.
Vehumet was extremely pleased with you.
You visited 3 branches of the dungeon, and saw 18 of its levels.

You collected 924 gold pieces.
You spent 195 gold pieces at shops.

Inventory:

Hand Weapons
 D - the +1 quarterstaff of Ileosoj {venom, +Blink rC+ Stlth+}
   (You found it on level 4 of the Lair of Beasts)

   It poisons the flesh of those it strikes.
   rC:        It protects you from cold.
   +Blink:    It lets you blink.
   Stlth:     It makes you more stealthy.
Missiles
 r - 2 throwing nets
Armour
 n - a +2 cloak of poison resistance (worn)
 N - a +0 buckler (worn)
Magical Staves
 o - a staff of conjuration (weapon)
 H - a staff of earth
 R - a staff of air
Jewellery
 a - an amulet of reflection
 i - a ring of positive energy
 j - a +6 ring of dexterity (right hand)
 s - an amulet of regeneration (around neck)
 w - an amulet of guardian spirit
 I - a +6 ring of strength (left hand)
 J - a ring of fire
Wands
 m - a wand of flame (76)
 B - a wand of iceblast (11)
 C - a wand of paralysis (9)
Scrolls
 e - 2 scrolls of blinking
 g - 3 scrolls of enchant armour
 h - 2 scrolls of immolation
 l - 2 scrolls of teleportation
 p - 3 scrolls of fear
 q - 2 scrolls of holy word
 u - a scroll of acquirement
 y - 2 scrolls of amnesia
 K - a scroll of magic mapping
 M - a scroll of enchant weapon
Potions
 b - 3 potions of resistance
 c - 3 potions of lignification
 d - 3 potions of flight
 f - 4 potions of heal wounds
 k - a potion of brilliance
 t - 2 potions of berserk rage
 v - 3 potions of curing
 x - a potion of haste
 z - a potion of magic {unknown}
 E - 2 potions of attraction {unknown}
 F - a potion of ambrosia {unknown}
 G - a potion of mutation {unknown}
 L - a potion of might {unknown}
Miscellaneous
 A - a condenser vane
 O - a lightning rod (4/4)
 P - a tin of tremorstones (2/2)


   Skills:
 + Level 4.9 Fighting
 + Level 3.7 Staves
 + Level 9.8 Dodging
 - Level 1.7 Stealth
 + Level 1.8 Shields
 + Level 11.3 Spellcasting
 + Level 12.7 Conjurations
 + Level 7.2 Necromancy
 + Level 11.1 Earth Magic
 - Level 2.0 Invocations
 + Level 4.5 Evocations


You had 5 spell levels left.
You knew the following spells:

 Your Spells              Type           Power      Damage    Failure   Level
a - Magic Dart            Conj           100%       1d8       1%          1
b - Searing Ray           Conj           100%       2d8       1%          2
c - Dazzling Flash        Conj/Hex       100%       N/A       1%          3
d - Fulminant Prism       Conj/Hex       29%        3d14      1%          4
e - Iskenderun's Mystic   Conj/Tloc      59%        2d12      1%          4
f - Iron Shot             Conj/Erth      40%        9d8       2%          6
g - Borgnjor's Vile Clut  Necr/Erth      26%        N/A       4%          5
h - Fireball              Conj/Fire      29%        3d13      3%          5

Your spell library contained the following spells:

 Spells                   Type           Power      Damage    Failure   Level
 Conjure Ball Lightning   Conj/Air       29%        3x3d8     19%         6
 Foxfire                  Conj/Fire      100%       2x1d9     1%          1
 Pain                     Necr           100%       1d9       1%          1
 Conjure Flame            Conj/Fire      59%        6-21      1%          3
 Flame Wave               Conj/Fire      59%        3d11      1%          4
 Corpse Rot               Necr/Air       N/A        N/A       2%          2
 Poisonous Vapours        Pois/Air       26%        N/A       2%          2
 Animate Dead             Necr           23%        N/A       3%          4
 Inner Flame              Hex/Fire       13%        N/A       5%          3
 Sting                    Tmut/Pois      52%        1d5       6%          1
 Leda's Liquefaction      Hex/Erth       19%        N/A       6%          4
 Agony                    Necr           46%        N/A       10%         5
 Excruciating Wounds      Necr           23%        N/A       10%         5
 Olgreb's Toxic Radiance  Pois           13%        N/A       17%         4
 Call Canine Familiar     Summ           13%        N/A       19%         3
 Ozocubu's Armour         Ice            13%        N/A       19%         3
 Portal Projectile        Hex/Tloc       26%        N/A       19%         3
 Blade Hands              Tmut           6%         N/A       87%         5
 Metabolic Englaciation   Hex/Ice        6%         N/A       87%         5
 Starburst                Conj/Fire      29%        6d9       19%         6
 Death Channel            Necr           23%        N/A       45%         6
 Simulacrum               Ice/Necr       14%        N/A       92%         6
 Ignition                 Fire           6%         3d4       100%        8
 Animate Armour           Summ/Erth      Unusable   N/A       N/A         4

Dungeon Overview and Level Annotations

Branches:
Dungeon (11/15)            Temple (1/1) D:7            Lair (6/6) D:9
  Swamp (0/4) Lair:4       Spider (0/4) Lair:2        Slime (0/5) Lair:6
    Orc (0/2) D:10

Altars:
Ashenzari
Cheibriados
Dithmenos
Elyvilon
Fedhas
Gozag
Hepliaklqana
Kikubaaqudgha
Makhleb
Nemelex Xobeh
Okawaru
Qazlal
Ru
Sif Muna
Trog
Uskayaw
Vehumet
Wu Jian
Xom
Yredelemnul
Zin
The Shining One

Shops:
D:8 [:?[[

Annotations:
D:8 3 runed translucent doors, AttackTheMoon's ghost, novice HuWn


Innate Abilities, Weirdness & Mutations

Your dull iron-grey scales are very hard. (AC +13)
You are amphibious.
You cannot fit into any form of body armour.
You are cold-blooded and may be slowed by cold attacks.


Message History

You feel your power returning.
The mystic blast hits the death yak!
The death yak is lightly wounded.
The death yak is knocked back by the mystic blast.
The mystic blast hits the death yak!
The death yak is lightly wounded.
The death yak is knocked back by the mystic blast.
The death yak collides with the eight-headed hydra!
You hear an angry buzzing noise.
The basilisk gazes at you.
You easily resist.
The blink frog blinks!
The four-headed hydra bites you.
The four-headed hydra bites you but does no damage.
The four-headed hydra closely misses you. x2
The blink frog closely misses you. The death yak gores you!
The four-headed hydra bites you!
* * * LOW HITPOINT WARNING * * *
The four-headed hydra bites you!
* * * LOW HITPOINT WARNING * * *
The four-headed hydra misses you.
You block the four-headed hydra's attack.
The blink frog blinks!
The basilisk gazes at you.
You are slowing down.
You climb upwards.
You have turned to stone.
The death yak gores you.
* * * LOW HITPOINT WARNING * * *
The four-headed hydra bites you but does no damage.
The four-headed hydra bites you.
* * * LOW HITPOINT WARNING * * *
The four-headed hydra bites you but does no damage. x2
The death yak gores you!
* * * LOW HITPOINT WARNING * * *
The four-headed hydra bites you.
* * * LOW HITPOINT WARNING * * *
The four-headed hydra bites you but does no damage.
The four-headed hydra bites you!
* * * LOW HITPOINT WARNING * * *
The four-headed hydra bites you but does no damage.
The death yak gores you but does no damage.
The four-headed hydra bites you!
You die...

.≈≈≈≈.....# #.# ####### #### ####
≈....♣....#♣♣.♣♣ ♣♣..♣♣
≈.≈..♣....#♣...♣# ♣♣....♣♣
.≈≈≈≈♣♣...#.....# ♣♣..♣...♣♣
≈≈≈...P...#.....# ♣♣..♣♣....♣♣
≈≈≈≈♣.....#.....# ♣♣..♣##.....♣♣
≈≈≈♣..#...#.....# ♣♣..♣##(......♣
.≈........#....D##♣..♣♣#..8#..♣..
.♣......^.#..♣♣Y@#...♣♣##).†.†♣♣.
..........#♣.♣.♣##♣♣..♣♣##..♣..♣♣
..........#.♣♣♣.# ♣♣..♣♣♣♣♣♣..♣
..........#.....# ♣♣..♣♣♣♣?.♣♣
...#.#....#.....# ♣♣..♣♣..♣♣
######....#.....# ♣♣....♣♣
##.###....#♣...♣# ♣♣†.♣♣
#.........#♣♣.♣♣ ♣†♣♣ ....#.....#
#.# ##### #.# #####


You could see a death yak and a four-headed hydra.

Vanquished Creatures
  6 hydras
  A catoblepas (Lair:5)
  An anaconda (Lair:5)
  A two-headed ogre (D:6)
  A death yak (Lair:5)
  2 bog bodies (Lair:4)
  Pikel (D:8)
  An ugly thing (D:11)
  12 elephants
  7 black mambas
  Maurice (D:8)
  9 cane toads
  2 torpor snails (Lair:5)
  A kobold demonologist (D:10)
  8 rime drakes
  13 komodo dragons
  5 polar bears
  A jumping spider (Lair:2)
  A hornet (D:10)
  14 dream sheep
  10 blink frogs
  3 shadows
  A water elemental (D:11)
  5 wyverns
  2 humans (D:7)
  38 yaks
  3 basilisks (Lair:5)
  A vampire mosquito (Lair:6)
  15 water moccasins
  9 orc warriors
  4 black bears
  A necrophage (D:5)
  2 ogres (D:5)
  13 wolves
  3 centaurs
  A phantom (D:7)
  6 kobold brigands
  13 bullfrogs
  3 gnoll sergeants
  2 scorpions
  2 wyvern zombies
  9 killer bees
  3 wights (D:9)
  5 electric eels
  2 howler monkeys
  3 centaur zombies
  2 jellies
  A hound (D:5)
  Crazy Yiuf (D:5)
  A gnoll shaman (D:5)
  7 orc priests
  A centaur skeleton (D:6)
  5 iguanas
  Ijyb (D:4)
  A killer bee zombie (D:8)
  11 orc wizards
  A hound skeleton (D:4)
  2 howler monkey zombies (D:9)
  18 gnolls
  2 adders (D:2)
  2 white imps
  An ufetubus (D:5)
  An adder zombie (D:5)
  5 dart slugs
  36 orcs
  2 bat zombies (D:10)
  5 endoplasms
  2 giant cockroaches
  5 goblins
  4 hobgoblins
  5 jackals (D:4)
  A quokka (D:5)
  9 ball pythons
  2 bats
  5 frilled lizards
  30 kobolds
  7 rats
  A rat zombie (D:10)
424 creatures vanquished.

Vanquished Creatures (others)
  21 fulminant prisms
  57 fungi
  115 plants
193 creatures vanquished.

Grand Total: 617 creatures vanquished

Notes
Turn   | Place    | Note
-------+----------+-------------------------------------------
     0 | D:1      | siradein the Draconian Conjurer began the quest for the
                  | Orb.
     0 | D:1      | Reached XP level 1. HP: 14/14 MP: 3/3
   230 | D:1      | Reached XP level 2. HP: 20/20 MP: 1/5
   233 | D:1      | Learned a level 2 spell: Searing Ray
   754 | D:1      | Found a faded altar of an unknown god.
  1002 | D:1      | Reached XP level 3. HP: 20/26 MP: 7/7
  2383 | D:3      | Reached XP level 4. HP: 33/33 MP: 8/8
  2387 | D:3      | Learned a level 3 spell: Dazzling Flash
  2688 | D:3      | Reached skill level 5 in Conjurations
  2913 | D:3      | Upgraded the game from 0.28-a0-429-g1448048969 to
                  | 0.28-a0-447-g1f95980246
  2987 | D:4      | Reached XP level 5. HP: 38/38 MP: 4/10
  3100 | D:4      | Noticed Ijyb
  3235 | D:4      | Killed Ijyb
  3372 | D:4      | Noticed a centaur
  3382 | D:4      | Killed a centaur
  3383 | D:4      | Reached XP level 6. HP: 35/45 MP: 4/12
  3651 | D:4      | Learned a level 4 spell: Fulminant Prism
  4276 | D:5      | Entered Level 5 of the Dungeon
  4462 | D:5      | Reached skill level 6 in Conjurations
  4840 | D:5      | Reached skill level 5 in Spellcasting
  4918 | D:5      | Your scales start taking on a dull iron-grey colour.
  4918 | D:5      | Reached XP level 7. HP: 50/50 MP: 2/14
  5155 | D:5      | Reached skill level 7 in Conjurations
  5551 | D:5      | Found a runed translucent door.
  5552 | D:5      | Noticed Crazy Yiuf
  5805 | D:5      | Learned a level 4 spell: Iskenderun's Mystic Blast
  5904 | D:5      | Killed Crazy Yiuf
  6602 | D:6      | Reached XP level 8. HP: 57/57 MP: 11/17
  6720 | D:6      | Noticed a two-headed ogre
  6746 | D:6      | Killed a two-headed ogre
  6747 | D:6      | Reached skill level 8 in Conjurations
  6891 | D:6      | Identified a scroll of acquirement
  7117 | D:7      | Found an iron altar of Okawaru.
  7141 | D:7      | Reached XP level 9. HP: 62/62 MP: 10/20
  7215 | D:7      | Learned a level 6 spell: Iron Shot
  7336 | D:7      | Reached skill level 9 in Conjurations
  7336 | D:7      | Reached skill level 1 in Earth Magic
  7387 | D:7      | Found a staircase to the Ecumenical Temple.
  7396 | Temple   | Entered the Ecumenical Temple
  7626 | Temple   | Became a worshipper of Vehumet
  8132 | D:8      | Found Metois's Antique Armour Boutique.
  8273 | D:8      | Noticed Pikel
  8273 | D:8      | Noticed Maurice
  8338 | D:8      | Found Anunn's Armour Boutique.
  8401 | D:8      | Reached skill level 5 in Dodging
  8804 | D:8      | Found a runed translucent gate.
  8804 | D:8      | Found a runed translucent gate.
  8804 | D:8      | Noticed AttackTheMoon's ghost (novice HuWn)
  8805 | D:8      | Found a runed translucent gate.
  8805 | D:8      | Noticed an 11-headed hydra
  8822 | D:8      | Killed Maurice
  8896 | D:8      | Killed Pikel
  8897 | D:8      | Reached XP level 10. HP: 66/69 MP: 12/22
  9122 | D:8      | Found a shimmering blue altar of Sif Muna.
  9164 | D:8      | Noticed an angel
  9165 | D:8      | Found a glowing silver altar of Zin.
  9315 | D:8      | Found Xeh Ykhe's Book Shoppe.
  9329 | D:8      | Reached * piety under Vehumet
  9329 | D:8      | Offered knowledge of Foxfire by Vehumet.
  9451 | D:8      | Found Mezallax's Antique Armour Emporium.
  9768 | D:8      | Found Ytroadgh's Magic Scroll Boutique.
  9776 | D:8      | Bought a scroll of amnesia for 42 gold pieces
  9776 | D:8      | Bought a scroll of enchant armour for 90 gold pieces
 10174 | D:9      | Reached skill level 5 in Earth Magic
 10297 | D:9      | Reached skill level 10 in Conjurations
 10365 | D:9      | Noticed an elephant
 10384 | D:9      | Found a staircase to the Lair.
 10413 | D:9      | Killed an elephant
 10951 | D:9      | Found a shadowy altar of Dithmenos.
 11118 | D:9      | Offered knowledge of Sandblast by Vehumet.
 11314 | D:10     | Entered Level 10 of the Dungeon
 11364 | D:10     | Reached ** piety under Vehumet
 11562 | D:10     | Identified the +7 longbow "Pisaosus" {venom, rElec Will-
                  | Str+4 Dex+3}
 11817 | D:10     | Found a shimmering altar of Xom.
 12390 | D:10     | Found a staircase to the Orcish Mines.
 12515 | D:10     | Offered knowledge of Mephitic Cloud by Vehumet.
 12625 | D:10     | Learned a level 5 spell: Borgnjor's Vile Clutch
 12637 | D:10     | Found an ancient bone altar of Kikubaaqudgha.
 12719 | D:11     | Reached XP level 11. HP: 74/74 MP: 21/24
 12865 | D:11     | Noticed a purple ugly thing
 12929 | D:11     | Reached skill level 1 in Necromancy
 13064 | D:11     | Killed a purple ugly thing
 13064 | D:11     | Reached *** piety under Vehumet
 13910 | D:11     | Reached skill level 11 in Conjurations
 14517 | Lair:1   | Entered Level 1 of the Lair of Beasts
 14798 | Lair:1   | Noticed an eight-headed hydra
 14798 | Lair:1   | Noticed a seven-headed hydra
 14941 | Lair:1   | Killed a seven-headed hydra
 14943 | Lair:1   | Reached skill level 10 in Spellcasting
 15038 | Lair:1   | Offered knowledge of Ignite Poison by Vehumet.
 15386 | Lair:1   | Killed an eight-headed hydra
 15915 | Lair:1   | Reached XP level 12. HP: 81/81 MP: 8/26
 16494 | Lair:2   | Reached **** piety under Vehumet
 16905 | Lair:2   | Found a hole to the Spider Nest.
 16934 | Lair:2   | Reached skill level 5 in Necromancy
 17475 | Lair:2   | Learned a level 5 spell: Fireball
 17609 | Lair:3   | Offered knowledge of Irradiate by Vehumet.
 17880 | Lair:2   | Reached skill level 1 in Fighting
 17902 | Lair:3   | Reached skill level 1 in Invocations
 17902 | Lair:3   | Reached skill level 1 in Evocations
 18453 | Lair:3   | Reached skill level 12 in Conjurations
 18456 | Lair:3   | Reached skill level 10 in Earth Magic
 18566 | Lair:3   | Noticed a six-headed hydra
 18575 | Lair:3   | Killed a six-headed hydra
 19442 | Lair:4   | Reached ***** piety under Vehumet
 19553 | Lair:4   | Offered knowledge of Conjure Ball Lightning by Vehumet.
 19631 | Lair:4   | Identified the +1 quarterstaff of Ileosoj {venom, +Blink
                  | rC+ Stlth+}
 19775 | Lair:4   | Reached XP level 13. HP: 93/93 MP: 21/27
 19942 | Lair:4   | Reached skill level 1 in Staves
 21108 | Lair:4   | Found a staircase to the Swamp.
 22082 | Lair:5   | Acquired a staff of earth
 22712 | D:8      | Bought a +0 buckler for 63 gold pieces
 23227 | Lair:5   | Reached skill level 1 in Shields
 23367 | Lair:5   | Identified the +8 scale mail of Zokkuqed {rF+ Will+ Dex+4}
 23537 | Lair:5   | You fall into a shaft and drop 1 floor!
 23537 | Lair:6   | Entered Level 6 of the Lair of Beasts
 24165 | Lair:5   | Reached XP level 14. HP: 91/105 MP: 8/29
 24525 | Lair:5   | HP: 3/105 [four-headed hydra (5)]
 24526 | Lair:5   | Slain by a four-headed hydra

Illustrated notes

Levels and vault maps discovered:
D:1:      co_arrival_hexagon_in_a_hexagon, layout_basic,
          shapermc_ecumenical_altar_gd, ebering_dispersal_statue_hall
D:2:      layout_basic
D:3:      layout_basic
D:4:      layout_cave_pools, serial_co_window_serial, co_window_paths_a,
          co_window_corner_a, co_window_of_opportunity_a, co_window_corner_a,
          co_window_of_opportunity_a, co_window_2corner, co_window_broadway_c,
          co_window_unsneaky_path_a, co_window_of_opportunity_b,
          co_window_corner_b, co_window_paths_c, co_window_paths_d,
          co_window_4corner_a, glass_columns_a, glass_columns_a,
          glass_columns_c, glass_columns_a, grunt_decor_cap, uniq_ijyb
D:5:      layout_basic, chequers_arboretum, uniq_crazy_yiuf_cottage
D:6:      layout_basic
D:7:      layout_rooms, okawaru_humans, minmay_temple_entry_arrows
D:8:      layout_layer_cave, zin_angel, nicolae_sif_muna_little_library,
          gammafunk_ghost_hydra_chop, serial_shops, shop, nicolae_shop_trees,
          shop, shop, shop, uniq_pikel, uniq_maurice
D:9:      layout_rooms, grunt_dithmenos_shadows, david_lair_generic,
          serial_curves, eino_curves_03, eino_curves_01, eino_curves_04,
          dk_noncrumbling_4
D:10:     layout_loops_cross, tgw_xom, lemuel_zombie_altar_kikubaaqudgha,
          david_orc_4
D:11:     layout_basic, serial_bayou_lake_a
Temple:   eino_temple_rhombus
Lair:1:   layout_cellular_growth, grunt_megastairs_3
Lair:2:   layout_chaotic_city, spider_nest_entry_rubble, beast_lair_carwin_10,
          grunt_megastairs_5
Lair:3:   layout_loops_ring, minivault_27
Lair:4:   layout_cave_pods, skrybe_swamp_entry_bodies, beast_lair_carwin_7,
          infiniplex_staircase_pool, grunt_megastairs_4, lemuel_fruit_tree
Lair:5:   nzn_winding_woodlands_huge [nzn_winding_woodlands_5x15_pockets,
          nzn_winding_woodlands_5x15_longhouse,
          nzn_winding_woodlands_5x15_cabin, nzn_winding_woodlands_5x15_zeroes,
          nzn_winding_woodlands_5x15_pathside_ponds,
          nzn_winding_woodlands_5x15_split_checker,
          nzn_winding_woodlands_5x15_garden, nzn_winding_woodlands_5x15_parted,
          nzn_winding_woodlands_5x15_river_crossing,
          nzn_winding_woodlands_5x15_sidewinder,
          nzn_winding_woodlands_center_diamonds,
          nzn_winding_woodlands_center_lodge,
          nzn_winding_woodlands_15x15_thick_spiral], layout_regular_city,
          nicolae_quartered_pool_super
Lair:6:   minmay_lair_end_frog_pond, layout_gridlike,
          minmay_slime_entry_oklob_enclosed

Skill      XL: |  1  2  3  4  5  6  7  8  9 10 11 12 13 |
---------------+----------------------------------------+-----
Spellcasting   | 3 4 5 6 7 8 9 10 11 | 11.3
Conjurations   | 5 6 7 8 9 10 11 12 | 12.7
Dodging        | 2 4 5 7 8 9 |  9.8
Earth Magic    | 4 7 8 10 11 | 11.1
Necromancy     | 4 6 7 |  7.2
Fighting       | 2 4 |  4.9
Invocations    | 2 |  2.0
Evocations     | 2 4 |  4.5
Staves         | 3 |  3.7
Shields        | 1 |  1.8
Stealth        | |  1.7

Action                   |  1- 3 |  4- 6 |  7- 9 | 10-12 | 13-15 || total
-------------------------+-------+-------+-------+-------+-------++-------
Melee: Unarmed           |     4 |       |       |       |       ||     4
       Tailslap          |     4 |     2 |     1 |     2 |     3 ||    12
       Short sword       |    51 |    23 |       |       |       ||    74
       Staff             |       |       |    11 |    21 |    27 ||    59
 Cast: Magic Dart        |    43 |    24 |    44 |    51 |       ||   162
       Searing Ray       |       |    16 |    53 |   121 |     3 ||   193
       Dazzling Flash    |       |       |    11 |     1 |       ||    12
       Fulminant Prism   |       |       |       |    20 |     1 ||    21
       Iskenderun's Myst |       |       |       |    13 |    22 ||    35
       Iron Shot         |       |       |       |    51 |    65 ||   116
       Borgnjor's Vile C |       |       |       |    17 |    14 ||    31
       Fireball          |       |       |       |    14 |    22 ||    36
  Use: Scroll            |       |       |     9 |     7 |     8 ||    24
 Stab: Sleeping          |     1 |     1 |       |       |       ||     2
Armor: Skin              |    15 |    15 |    37 |   129 |    74 ||   270
Dodge: Dodged            |    34 |    25 |    85 |   231 |   127 ||   502
Block: Buckler           |       |       |       |       |    20 ||    20

Table legend: (Time is in decaauts)
 A = Elapsed time spent in this place.
 B = Non-inter-level travel time spent in this place.
 C = Inter-level travel time spent in this place.
 D = Time resting spent in this place.
 E = Time spent auto-exploring this place.
 F = Levels seen in this place.
 G = Mean time per level.
                   A        B        C        D        E       F      G
               +--------+--------+--------+--------+--------+-----+--------+
         Total |  24592 |  23430 |   1162 |   2714 |  17332 |  18 | 1366.2 |
       Dungeon |  14441 |  13607 |    834 |   1012 |  10478 |  11 | 1312.8 |
        Temple |    240 |    230 |     10 |      0 |    151 |   1 |  240.0 |
          Lair |   9910 |   9593 |    317 |   1702 |   6703 |   6 | 1651.7 |
               +--------+--------+--------+--------+--------+-----+--------+

Top non-repeatable levels by time:
  Lair:5: 2592 daAuts
  Lair:3: 2260 daAuts
     D:8: 2066 daAuts
  Lair:1: 1728 daAuts
  Lair:2: 1716 daAuts
     D:5: 1674 daAuts
  Lair:4: 1477 daAuts
    D:11: 1429 daAuts
    D:10: 1387 daAuts
     D:1: 1312 daAuts
     D:7: 1312 daAuts
     D:4: 1300 daAuts
     D:9: 1018 daAuts
     D:6: 1017 daAuts
     D:3: 964 daAuts
